AoeStats
← no one

Arena

507361832Analyzed
2v2 RM · 15d ago on Sep 17, 2026· 37m 6s· 4 players
Game mode
Random Map
Map size
Medium (4 player)
Population
200
Speed
Normal
Resources
Standard
Victory
Conquest
Starting age
Dark Age
Ending age
Imperial Age
RankedLock teamsTeams togetherTeam positionsShared explorationLock speedFull tech treeHidden civsTurbo modeCheats
Victory
Defeat
🇮🇹 Franks · Italy
1297
+12
🇦🇷 Britons · Argentina
1251
+14
🇳🇴 Bohemians · Norway
1224
-14
🇺🇸 Spanish · United States
1194
-12
pietro91
10:49 Feudal Age
14:30 Castle Age
12:29 Double-Bit Axe
22:15 Wheelbarrow
23:47 Hand Cart
25:02 Stone Mining
29:02 Imperial Age
26:22 Town Watch
26:22 Loom
27:22 Scale Barding Armor
27:27 Forging
27:32 Gold Mining
28:26 Husbandry
29:21 Chain Barding Armor
29:36 Iron Casting
28:23 Light Cavalry
30:08 Gold Shaft Mining
29:08 Cavalier
30:56 Paladin
33:01 Chemistry
33:07 Plate Barding Armor
33:33 Blast Furnace
33:35 Fletching
35:57 Bodkin Arrow
36:04 Padded Archer Armor
no one
10:49 Feudal Age
12:10 Double-Bit Axe
14:30 Castle Age
12:18 Double-Bit Axe
12:22 Horse Collar
14:07 Gold Mining
14:11 Fletching
15:35 Bow Saw
17:04 Bodkin Arrow
18:13 Padded Archer Armor
23:25 Loom
26:45 Imperial Age
28:25 Conscription
28:14 Town Watch
29:07 Wheelbarrow
28:18 Town Watch
28:46 Bracer
30:42 Ballistics
32:59 Chemistry
35:02 Leather Archer Armor
37:58 Ring Archer Armor
talkin
10:51 Feudal Age
14:34 Castle Age
13:37 Double-Bit Axe
14:58 Loom
21:45 Padded Archer Armor
28:02 Fletching
28:28 Leather Archer Armor
28:35 Horse Collar
30:09 Heavy Plow
30:24 Elite Skirmisher
31:23 Bodkin Arrow
38:15 Imperial Age
Zaza
5:14 Loom
12:23 Feudal Age
16:16 Castle Age
18:18 Wheelbarrow
19:24 Horse Collar
20:40 Double-Bit Axe
24:57 Heavy Plow
26:53 Bow Saw
27:40 Hand Cart
27:49 Pikeman
28:29 Squires
31:22 Imperial Age
30:31 Chemistry
29:40 Scale Mail Armor
29:50 Forging
30:20 Masonry
30:24 Fortified Wall
32:08 Chain Mail Armor
32:28 Iron Casting
31:33 Halberdier
35:17 Fletching
35:58 Plate Mail Armor
36:29 Blast Furnace
37:28 Murder Holes
Connection lost

Rejoining the realm…

Still unreachable

The connection could not be restored.

Session expired

The server has moved on; the page needs a fresh start.